 Dungeon Crawl Stone Soup version 0.28.0 (webtiles) character file.

Game seed: 5313520316802284340

770 Jerry the Shield-Bearer (level 7, -2/90 HPs)
             Began as a Demigod Fighter on Feb 9, 2022.
             Slain by a killer bee (4 damage)
             ... on level 5 of the Dungeon.
             The game lasted 00:12:08 (4627 turns).

Jerry the Shield-Bearer (Demigod Fighter)           Turns: 4627, Time: 00:12:08

Health: -2/90      AC: 10    Str: 22 (25) XL:     7   Next: 27%
Magic:  9/9        EV:  9    Int:  8 (10) God:
Gold:   305        SH:  4    Dex: 10 (13) Spells: 6/6 levels left

rFire   . . .      SeeInvis .   n - +4 flail
rCold   . . .      Faith    .   c - +0 buckler
rNeg    . . .      Spirit   .   b - +1 scale mail
rPois   .          Reflect  .   (no helmet)
rElec   .          Harm     .   (no cloak)
rCorr   .          Rampage  .   (no gloves)
Will    .....                   s - +1 pair of boots
Stlth   ..........              (no amulet)
HPRegen 0.25/turn               (no ring)
MPRegen 0.11/turn               (no ring)

@: brilliant, berserking, lethally poisoned (-2 -> -6), hasted, very quick
A: high MP 1, forlorn, divine attributes
a: no special abilities


You were on level 5 of the Dungeon.
You visited 1 branch of the dungeon, and saw 5 of its levels.
You also visited: Sewer.

You collected 305 gold pieces.

Inventory:

Hand Weapons
 n - a +4 flail (weapon)
Armour
 b - a +1 scale mail (worn)
 c - a +0 buckler (worn)
 s - a +1 pair of boots (worn)
Wands
 m - a wand of digging (7)
 o - a wand of iceblast (11)
Scrolls
 d - a scroll of summoning
 e - 4 scrolls of identify {unknown}
 f - a scroll of silence {unknown}
 j - 4 scrolls of noise {unknown}
 r - 2 scrolls of teleportation
Potions
 k - a potion of might
 l - 2 potions of degeneration
 q - 6 potions of flight


   Skills:
 + Level 4.6 Fighting
 + Level 4.1 Maces & Flails
 + Level 4.6 Armour
 + Level 4.7 Shields


You had 6 spell levels left.
You didn't know any spells.
Your spell library was empty.

Dungeon Overview and Level Annotations

Branches:
Dungeon (5/15)              Sewer (visited)
 Temple: D:4-7

Shops:
D:2 *

Annotations:
D:3 4 runed translucent doors, Crazy Yiuf; Sigmund; hitsuchi's ghost, amateur PaAK


Innate Abilities, Weirdness & Mutations

You have an increased reservoir of magic. (+10% MP)
You shall have no god before yourself.
Your divine heritage dramatically boosts your attributes as you level up.


Message History

An adder comes into view.
The killer bee stings you but does no damage.
You barely miss the killer bee.
The killer bee is heavily wounded.
You feel very sick.
The adder hisses angrily.
The killer bee stings you.
* * * LOW HITPOINT WARNING * * *
The killer bee stings you.
* * * LOW HITPOINT WARNING * * *
You feel much better.
You feel sick. The killer bee stings you!
* * * LOW HITPOINT WARNING * * *
The killer bee stings you.
* * * LOW HITPOINT WARNING * * *
You are more poisoned.
The killer bee poisons you!
It was a potion of degeneration.
There was something very wrong with that liquid.
You feel weakened.
You feel dopey.
You feel clumsy.
* * * LOW HITPOINT WARNING * * *
You feel sick.
The killer bee stings you but does no damage.
The killer bee stings you.
* * * LOW HITPOINT WARNING * * *
It was a potion of brilliance.
You feel clever all of a sudden.
* * * LOW HITPOINT WARNING * * *
You feel sick.
The killer bee stings you but does no damage.
The killer bee barely misses you.
It was a potion of haste.
You feel yourself speed up.
* * * LOW HITPOINT WARNING * * *
You feel sick. The killer bee barely misses you.
The killer bee stings you but does no damage.
It was a potion of berserk rage.
A red film seems to cover your vision as you go berserk!
You feel yourself moving faster!
You feel mighty!
* * * LOW HITPOINT WARNING * * *
You feel sick. You block the killer bee's attack. The killer bee stings you.
You die...

#> .. ##>.. #.#####.# #....
#.......# #.... #).....#
#.#.. ##....†.##
#.###########.##.
#........###.............###
#...rO....#########.........
.....#######r####
####.######## ..#
#Oy@.###..<.# ####.....####
#######


You could see an ogre, a killer bee and a quokka.

Vanquished Creatures
  Grinder (D:3)
  An ice beast (D:5)
  A scorpion (D:5)
  2 killer bees
  A hound (D:5)
  An iguana (D:4)
  An orc wizard (D:4)
  A merfolk siren (Sewer)
  A killer bee zombie (D:5)
  A merfolk avatar (Sewer)
  2 hound skeletons
  3 gnolls (D:4)
  5 adders
  A river rat (D:5)
  An ufetubus (D:3)
  A worm (D:3)
  2 dart slugs (D:2)
  4 orcs (D:4)
  6 endoplasms
  7 giant cockroaches
  3 goblins
  5 hobgoblins
  4 quokkas
  8 ball pythons
  3 bats
  4 frilled lizards
  3 kobolds
  23 rats
96 creatures vanquished.

Notes
Turn   | Place    | Note
-------+----------+-------------------------------------------
     0 | D:1      | Jerry the Demigod Fighter began the quest for the Orb.
     0 | D:1      | Reached XP level 1. HP: 18/18 MP: 3/3
   588 | D:1      | Reached XP level 2. HP: 24/25 MP: 4/4
   836 | D:2      | You fall into a shaft and drop 1 floor!
  1070 | D:3      | Found a runed translucent door.
  1071 | D:3      | Noticed Crazy Yiuf
  1099 | D:3      | Found a runed translucent gate.
  1099 | D:3      | Found a runed translucent gate.
  1099 | D:3      | Found a runed translucent gate.
  1110 | D:3      | Noticed Grinder
  1120 | D:3      | Killed Grinder
  1121 | D:3      | Reached XP level 3. HP: 21/33 MP: 5/5
  1121 | D:3      | Reached XP level 4. HP: 26/40 MP: 6/6
  1121 | D:3      | Reached XP level 5. HP: 30/46 MP: 7/7
  1246 | D:3      | Noticed hitsuchi's ghost (amateur PaAK)
  1283 | D:3      | Noticed Sigmund
  1639 | D:2      | Found Beecs's General Store.
  2967 | D:4      | Reached XP level 6. HP: 34/52 MP: 8/8
  3492 | D:5      | Entered Level 5 of the Dungeon
  3865 | D:5      | Found a glowing drain.
  3880 | Sewer    | Entered a sewer
  4264 | Sewer    | HP: 2/53 [adder (4)]
  4522 | D:5      | Reached XP level 7. HP: 60/60 MP: 9/9
  4626 | D:5      | HP: 2/60 [poisoned by a killer bee]
  4627 | D:5      | Slain by a killer bee

Illustrated notes

Levels and vault maps discovered:
D:1:      dpeg_arrival_shelter, layout_loops_cross,
          shapermc_ecumenical_altar_mp_ritualfount
D:2:      layout_basic, serial_shops, nicolae_shop_crystal,
          minmay_worlds_worst_comb
D:3:      layout_loops_ring, gammafunk_ghost_icy, uniq_sigmund,
          uniq_crazy_yiuf_cottage, uniq_grinder
D:4:      layout_gridville
D:5:      layout_rooms, portal_sewer_entry_a, uniq_eustachio

Skill      XL: |  1  2  3  4  5  6 |
---------------+-------------------+-----
Maces & Flails | 2 3 4 |  4.1
Shields        | 3 4 |  4.7
Fighting       | 3 4 |  4.6
Armour         | 3 4 |  4.6

Action                   |  1- 3 |  4- 6 |  7- 9 || total
-------------------------+-------+-------+-------++-------
Melee: Flail             |    58 |   225 |    21 ||   304
  Use: Scroll            |     2 |     2 |       ||     4
       Potion            |     1 |     3 |     5 ||     9
Armor: Scale mail        |    26 |   133 |    21 ||   180
Dodge: Dodged            |    25 |   115 |    19 ||   159
Block: Buckler           |     7 |    62 |    11 ||    80
